 Dungeon Crawl Stone Soup version 0.29.0-7-g18a832c13a (webtiles) character file.

Game seed: 588337124179551383

4097 slphil the Thaumaturge (level 10, 71/80 HPs)
             Began as a Mummy Necromancer on Aug 30, 2022.
             Was an Initiate of Gozag.
             Quit the game on level 9 of the Dungeon.
             The game lasted 00:28:25 (11100 turns).

slphil the Thaumaturge (Mummy Necromancer)         Turns: 11100, Time: 00:28:25

Health: 71/80      AC: 12    Str: 11    XL:     10   Next: 5%
Magic:  1/24       EV: 11    Int: 20    God:    Gozag
Gold:   869        SH:  8    Dex: 12    Spells: 13/29 levels left

rFire   x . .      SeeInvis .   o - +1 dagger (pain)
rCold   + . .      Faith    .   m - +0 buckler
rNeg    + + +      Spirit   .   i - +2 robe {Will+}
rPois   ∞          Reflect  +   x - +2 hat
rElec   .          Harm     .   w - +0 cloak
rCorr   .          Rampage  .   (no gloves)
Will    ++...                   g - +0 pair of boots
Stlth   ++........              d - amulet of reflection
HPRegen 0.23/turn               c - +4 ring of protection
MPRegen 0.19/turn               r - ring of wizardry

@: no status effects
A: cold resistance 1, negative energy resistance 3, torment resistance 2, heat
vulnerability 1, in touch with death 1, no potions
a: Renounce Religion, Potion Petition, Call Merchant, Bribe Branch


You were on level 9 of the Dungeon.
You worshipped Gozag.
Gozag was pleased with you.
You visited 2 branches of the dungeon, and saw 11 of its levels.

You collected 1110 gold pieces.
You spent 194 gold pieces at shops.
You paid 47 gold pieces to Gozag.

Inventory:

Hand Weapons
 o - a +1 dagger of pain (weapon)
 q - a +0 dagger of draining
 u - a +0 scimitar
 z - a +2 dagger of venom
Missiles
 p - a throwing net
Armour
 a - a +0 robe
 b - an orb of light
 g - a +0 pair of boots (worn)
 i - a +2 robe of willpower (worn)
 m - a +0 buckler (worn)
 s - a +0 leather armour of cold resistance
 w - a +0 cloak (worn)
 x - a +2 hat (worn)
Jewellery
 c - a +4 ring of protection (left hand)
 d - an amulet of reflection (around neck)
 r - a ring of wizardry (right hand)
 y - a ring of see invisible
Wands
 n - a wand of roots (23)
 t - a wand of flame (12)
Scrolls
 e - 3 scrolls of teleportation
 f - 2 scrolls of identify
 h - a scroll of enchant armour
 j - 3 scrolls of amnesia
 k - a scroll of poison
 l - a scroll of fog
 v - 3 scrolls of fear
 A - a scroll of magic mapping {unknown}


   Skills:
 + Level 7.9 Fighting
 - Level 1.7 Dodging
 - Level 1.7 Stealth
 + Level 10.0 Spellcasting
 + Level 7.9 Necromancy
 - Level 5.0 Evocations


You had 13 spell levels left.
You knew the following spells:

 Your Spells              Type           Power      Damage    Failure   Level
a - Necrotise             Necr           100%       1d9       1%          1
b - Vampiric Draining     Necr           58%        2d10      1%          3
c - Animate Dead          Necr           58%        N/A       1%          4
d - Agony                 Necr           58%        N/A       4%          5
e - Confusing Touch       Hex            10%        N/A       12%         3

Your spell library contained the following spells:

 Spells                   Type           Power      Damage    Failure   Level
 Inner Flame              Hex/Fire       10%        N/A       12%         3
 Animate Armour           Summ/Erth      20%        N/A       34%         4
 Cause Fear               Hex            5%         N/A       34%         4
 Yara's Violent Unravell  Hex/Tmut       5%         3d4       67%         5
 Iron Shot                Conj/Erth      5%         9d2       99%         6
 Enfeeble                 Hex            5%         N/A       100%        7
 Discord                  Hex            5%         N/A       100%        8
 Blade Hands              Tmut           Unusable   N/A       N/A         5

Dungeon Overview and Level Annotations

Branches:
Dungeon (10/15)            Temple (1/1) D:4            Lair (0/5) D:8
    Orc: D:9-12

Altars:
Ashenzari
Dithmenos
Fedhas
Gozag
Hepliaklqana
Kikubaaqudgha
Makhleb
Nemelex Xobeh
Okawaru
Qazlal
Ru
Sif Muna
Uskayaw
Vehumet
Wu Jian
Xom
Yredelemnul

Shops:
D:1 ?   D:4 !   D:8 (   D:9 :

Annotations:
D:9 1 runed translucent door, Daunt's ghost, novice MeBe
D:10 Maurice


Innate Abilities, Weirdness & Mutations

You are immune to poison.
Your flesh is cold resistant. (rC+)
You are immune to negative energy. (rN+++)
You are immune to unholy pain and torment.
You are vulnerable to heat. (rF-)
You are in touch with the powers of death.
You do not drink.


Message History

You kill the orc!
You feel a surge of power!
The orc writhes in agony.
You feel a surge of power!
The orc writhes in agony.
You kill the orc!
You feel a surge of power!
The orc priest writhes in agony!
You feel a surge of power!
The orc priest barely resists.
The orc priest is distracted by your dazzling golden aura.
You feel a surge of power!
The orc priest is no longer distracted by gold.
The orc priest shouts!
The orc priest writhes in agony.
The orc priest is distracted by your dazzling golden aura.
You feel a surge of power!
The orc priest is no longer distracted by gold.
The orc priest shouts!
The orc priest writhes in agony.
You feel a surge of power!
The orc priest writhes in agony.
The orc priest hits you but does no damage.
You feel a surge of power!
The orc priest writhes in agony!
You kill the orc priest!
You feel a surge of power!
The orc writhes in agony!
You kill the orc!
The orc hits you but does no damage.
You are out of magic!
You hit the orc but do no damage.
Maurice is distracted by your dazzling golden aura.
The orc is distracted by your dazzling golden aura.
Maurice shouts!
The orc shouts!
You hit the orc.
The orc writhes in agony.
You kill the orc!
You are out of magic!
Maurice is no longer distracted by gold.
There is a stone staircase leading up here.
Maurice picks up some gold.
The orc warrior hits you with a +0 mace.
You climb upwards.
Level annotation: 1 runed translucent door, Daunt's ghost, novice MeBe
There is a stone staircase leading down here.
An orc warrior is nearby!
Are you sure you want to abandon this character and quit the game? (Confirm with "yes".)

############# #...........###
#..........@o.###########
######..........<#...........#
.....'.........).#...........#
######...........##..........#
#...........##..........#
####'####♣♣♣♣#..........# #.#
♣..♣#..........# #.##
♣.....###...#### #..#
♣._..###..########


You could see an orc warrior.

Vanquished Creatures
  A hornet (D:10)
  9 yaks (D:7)
  A wyvern (D:8)
  An ice beast (D:6)
  A black bear (D:8)
  A sky beast (D:8)
  2 ogres
  2 centaurs
  2 kobold brigands
  Blork the orc (D:6)
  2 bullfrogs (D:6)
  4 scorpions
  A gnoll sergeant (D:6)
  4 killer bees (D:9)
  A howler monkey (D:9)
  A crimson imp (D:9)
  3 jellies
  7 orc priests
  Terence (D:3)
  2 iguanas (D:6)
  6 orc wizards
  Natasha (thrice) (D:3)
  9 adders
  8 gnolls
  A shadow imp (D:7)
  An ufetubus (D:7)
  A worm (D:2)
  A dart slug (D:2)
  28 orcs
  3 bats
  5 endoplasms
  3 giant cockroaches
  5 goblins
  9 hobgoblins
  4 jackals (D:4)
  18 kobolds
  3 quokkas
  5 ball pythons
  4 frilled lizards
  3 rats
167 creatures vanquished.

Vanquished Creatures (collateral kills)
  A goblin (D:4)
1 creature vanquished.

Vanquished Creatures (others)
  A wizard (D:9)
  26 plants
27 creatures vanquished.

Grand Total: 195 creatures vanquished

Notes
Turn   | Place    | Note
-------+----------+-------------------------------------------
     0 | D:1      | slphil the Mummy Necromancer began the quest for the Orb.
     0 | D:1      | Reached XP level 1. HP: 13/13 MP: 4/4
   378 | D:1      | Reached skill level 3 in Spellcasting
   378 | D:1      | Reached XP level 2. HP: 19/19 MP: 1/6
   997 | D:1      | Found Siehor's Magic Scroll Shop.
  1018 | D:1      | Bought a scroll of identify for 24 gold pieces
  1255 | D:2      | Reached skill level 1 in Fighting
  1255 | D:2      | Gained mutation: You are in touch with the powers of death.
                  | [Mummy growth]
  1255 | D:2      | Reached XP level 3. HP: 19/26 MP: 0/7
  1818 | D:2      | Reached XP level 4. HP: 33/33 MP: 6/9
  1986 | D:2      | Reached skill level 4 in Spellcasting
  2453 | D:3      | Learned a level 3 spell: Vampiric Draining
  2458 | D:3      | Learned a level 4 spell: Animate Dead
  2981 | D:3      | Noticed Natasha
  2988 | D:3      | Killed Natasha
  2989 | D:3      | Reached XP level 5. HP: 32/39 MP: 4/11
  3055 | D:3      | Noticed Terence
  3061 | D:3      | Killed Terence
  3062 | D:3      | Reached skill level 5 in Necromancy
  3581 | D:3      | Noticed Natasha
  3584 | D:3      | Killed Natasha
  4105 | D:3      | Noticed Natasha
  4115 | D:3      | Killed Natasha
  4384 | D:4      | Noticed an ogre
  4396 | D:4      | Killed an ogre
  4397 | D:4      | Reached skill level 5 in Spellcasting
  4397 | D:4      | Reached XP level 6. HP: 47/47 MP: 8/13
  4628 | D:4      | Found Huydwav's Distillery.
  4768 | D:4      | Found a blossoming altar of Fedhas.
  4997 | D:4      | Found a staircase to the Ecumenical Temple.
  5002 | Temple   | Entered the Ecumenical Temple
  5208 | Temple   | Became a worshipper of Gozag Ym Sagoz the Greedy
  5409 | D:4      | Found a sacrificial altar of Ru.
  5520 | D:5      | Entered Level 5 of the Dungeon
  5599 | D:5      | Found a hide-covered altar of Uskayaw.
  5852 | D:5      | Learned a level 5 spell: Agony
  5901 | D:5      | Reached XP level 7. HP: 20/54 MP: 9/15
  6429 | D:6      | Found an ornate altar of the Wu Jian Council.
  6440 | D:6      | Reached skill level 6 in Spellcasting
  6870 | D:6      | Noticed Blork the orc
  6878 | D:6      | Killed Blork the orc
  6879 | D:6      | Reached skill level 5 in Fighting
  6879 | D:6      | Reached XP level 8. HP: 60/62 MP: 11/18
  6882 | D:6      | Reached skill level 7 in Spellcasting
  7857 | D:7      | Found a sand-covered staircase.
  7896 | D:7      | Reached skill level 8 in Spellcasting
  8066 | D:7      | Reached skill level 9 in Spellcasting
  8066 | D:7      | Reached skill level 1 in Evocations
  8066 | D:7      | Reached XP level 9. HP: 56/72 MP: 1/22
  8866 | D:7      | Reached skill level 5 in Evocations
  9064 | D:7      | Found a burning altar of Makhleb.
  9065 | D:7      | Found a sparkling altar of Nemelex Xobeh.
  9066 | D:7      | Found a hazy altar of Hepliaklqana.
  9138 | D:8      | Found Zumo's Antique Weapon Boutique.
  9147 | D:8      | Bought a glowing dagger for 170 gold pieces
  9193 | D:8      | Learned a level 3 spell: Confusing Touch
  9319 | D:8      | Found a staircase to the Lair.
 10126 | D:9      | Found an ancient bone altar of Kikubaaqudgha.
 10582 | D:9      | Found a runed translucent door.
 10582 | D:9      | Noticed Daunt's ghost (novice MeBe)
 10738 | D:9      | Noticed a wizard
 10764 | D:9      | Killed a wizard
 10989 | D:9      | Found Paeclil's Book Shoppe.
 11009 | D:9      | Noticed a two-headed ogre
 11051 | D:10     | Entered Level 10 of the Dungeon
 11071 | D:10     | Reached XP level 10. HP: 76/80 MP: 13/23
 11079 | D:10     | Noticed Maurice
 11084 | D:10     | Reached skill level 10 in Spellcasting
 11100 | D:9      | Quit the game

Illustrated notes

Levels and vault maps discovered:
D:1:      ebering_trefoil_twist, layout_loops_corners, serial_shops, shop,
          st_stairs_7
D:2:      layout_rooms, minmay_misc_feat_tower, corexii_corridor_pit,
          dk_noncrumbling_4, grunt_ministairs_15,
          chequers_serial_rivers_micro_a, serial_bayou_lagoon_a,
          minmay_tromino_v4_b
D:3:      layout_basic, grunt_decor_resistance, uniq_natasha, uniq_terence
D:4:      layout_basic, fedhas_ov_isle_minmay, mainiacjoe_overflow_alcove_4,
          minmay_temple_entry_statues_pillars, serial_shops, shop,
          hangedman_glass_garden
D:5:      layout_gridville, mainiacjoe_overflow_brackets
D:6:      layout_loops_ring, nicolae_wu_jian_wuxing_cycle, uniq_blork_the_orc
D:7:      layout_basic, grunt_temple_overflow_open, mainiacjoe_overflow_swirl,
          enter_bailey_2, enter_ossuary_1
D:8:      nzn_winding_woodlands_large [nzn_winding_woodlands_5x5_closed_star,
          nzn_winding_woodlands_5x15_crooked, nzn_winding_woodlands_hourglass,
          nzn_winding_woodlands_center_lodge,
          nzn_winding_woodlands_15x15_boxy_spiral,
          nzn_winding_woodlands_center_pierced_h,
          nzn_winding_woodlands_5x5_checkerboard,
          nzn_winding_woodlands_5x15_river_crossing,
          nzn_winding_woodlands_5x5_default], layout_basic, serial_shops,
          nicolae_shop_crystal, uniq_gastronok
D:9:      layout_roguey, mainiacjoe_overflow_alcove_1, serial_shops,
          nicolae_shop_behind_doors, hellmonk_ghost_happy_afterlife,
          lightli_wizard_tower
D:10:     layout_loops_ring, erik_orc_4, st_stairs_7, uniq_grum, uniq_maurice,
          uniq_urug, uniq_snorg
Temple:   minmay_temple_curvy_loop

Skill      XL: |  1  2  3  4  5  6  7  8  9 10 |
---------------+-------------------------------+-----
Spellcasting   | 3 4 5 6 9 10 | 10.0
Fighting       | 1 2 3 4 5 7 |  7.9
Necromancy     | 5 6 7 |  7.9
Evocations     | 1 5 |  5.0
Dodging        | |  1.7
Stealth        | |  1.7

Action                   |  1- 3 |  4- 6 |  7- 9 | 10-12 || total
-------------------------+-------+-------+-------+-------++-------
Melee: Whip              |     6 |    10 |    14 |       ||    30
       Dagger            |       |       |   118 |     2 ||   120
 Cast: Necrotise         |    64 |   122 |   285 |    18 ||   489
       Vampiric Draining |       |     3 |     9 |       ||    12
Evoke: Wand              |       |     2 |     6 |       ||     8
  Use: Scroll            |       |     2 |     9 |       ||    11
 Stab: Distracted        |       |       |     1 |       ||     1
Armor: Robe              |     4 |    11 |    42 |     2 ||    59
       Leather armour    |       |     3 |    45 |       ||    48
Dodge: Dodged            |    17 |    17 |   102 |       ||   136
Block: Orb               |     4 |     3 |       |       ||     7
       Buckler           |       |    16 |    98 |       ||   114
       Reflection        |       |     2 |     4 |       ||     6
